[Event "Norway Eliteserien 2023-24"]
[Site "Oslo"]
[Date "2024.03.09"]
[Round "8.41"]
[White "Kvaloy, Aksel Bu"]
[Black "Petkov, Momchil"]
[Result "1/2-1/2"]
[ECO "C95"]
[WhiteElo "2443"]
[BlackElo "2504"]
[Annotator "RC"]
[PlyCount "85"]
[EventDate "2023.10.27"]
[EventType "team-tourn"]
[EventCountry "NOR"]
[SourceTitle "playchess.com"]
[Source "ChessBase"]
[SourceQuality "1"]
[TimeControl "40/5400+30:1800+30"]

1. e4 e5 2. Nf3 Nc6 3. Bb5 a6 4. Ba4 Nf6 5. O-O Be7 6. Re1 b5 7. Bb3 d6 8. c3 O-O 9. h3 Nb8 10. d4 Nbd7 11. c4 c6 12. Nc3 b4 13. Ne2 Nxe4 14. Qc2 Ndf6 15. c5 Bf5 16. Nh4 Bd7 17. dxe5 dxe5 18. Be3 Nd5 19. Qxe4 Bxh4 20. Bxd5 cxd5 21. Qxe5 Bf6 22. Qd6 Bb5 23. Qxd8 Rfxd8 24. Nd4 Bxd4 25. Bxd4 Re8 26. f3 f6 27. Kf2 Kf7 28. Rac1 Rxe1 29. Rxe1 Re8 30. Be3 d4 31. Bxd4 Rxe1 32. Kxe1 Ke6 33. g4 Kd5 34. Be3 Bc4 35. a3 bxa3 36. bxa3 Bb5 37. Kd2 Kc4 38. f4 Bc6 39. h4 Bf3 40. g5 f5 41. Bf2 g6 42. Bg1 Bc6 43. Bf2 1/2-1/2

[Event "Norway Eliteserien 2023-24"]
[Site "Oslo"]
[Date "2024.03.09"]
[Round "8.42"]
[White "Delchev, Aleksander"]
[Black "Gjestemoen-VonHirsch, Andre"]
[Result "1-0"]
[ECO "B30"]
[WhiteElo "2492"]
[BlackElo "2309"]
[Annotator "RC"]
[PlyCount "41"]
[EventDate "2023.10.27"]
[EventType "team-tourn"]
[EventCountry "NOR"]
[SourceTitle "playchess.com"]
[Source "ChessBase"]
[SourceQuality "1"]
[TimeControl "40/5400+30:1800+30"]

1. e4 c5 2. Nf3 e6 3. Nc3 Nc6 4. Bb5 Nge7 5. O-O a6 6. Bxc6 Nxc6 7. d4 cxd4 8. Nxd4 Qc7 9. Re1 b5 10. Nd5 exd5 11. Nxc6 Bd6 12. exd5+ Kf8 13. Qe2 Bb7 14. Ne7 Bxh2+ 15. Kh1 Bd6 16. Nf5 h5 17. Bg5 Kg8 18. Be7 Bxe7 19. Qxe7 Rf8 20. Re5 Qd8 21. a4 1-0

[Event "Norway Eliteserien 2023-24"]
[Site "Oslo"]
[Date "2024.03.09"]
[Round "8.43"]
[White "Shehzad, Shazil"]
[Black "Elmi, Saad Abobaker"]
[Result "0-1"]
[ECO "B52"]
[WhiteElo "2265"]
[BlackElo "2323"]
[Annotator "RC"]
[PlyCount "68"]
[EventDate "2023.10.27"]
[EventType "team-tourn"]
[EventCountry "NOR"]
[SourceTitle "playchess.com"]
[Source "ChessBase"]
[SourceQuality "1"]
[TimeControl "40/5400+30:1800+30"]

1. e4 c5 2. Nf3 d6 3. Bb5+ Bd7 4. Bxd7+ Nxd7 5. O-O e6 6. Qe2 Be7 7. c4 Bf6 8. Rd1 Qb6 9. Nc3 Ne7 10. d3 O-O 11. Bf4 Rad8 12. Rab1 a6 13. a3 h6 14. Qc2 Qc6 15. a4 Qc7 16. b4 cxb4 17. Rxb4 Nc6 18. Rbb1 Nde5 19. Nxe5 dxe5 20. Be3 Rd7 21. Ne2 Bg5 22. Qc3 Bxe3 23. fxe3 Rfd8 24. Kh1 Qa5 25. Qa3 Qc7 26. Rb2 Na5 27. Rc2 b5 28. axb5 axb5 29. c5 Nc4 30. Rxc4 bxc4 31. d4 Qc6 32. Rc1 Qxe4 33. Rxc4 exd4 34. c6 Rc7 0-1

[Event "Norway Eliteserien 2023-24"]
[Site "Oslo"]
[Date "2024.03.09"]
[Round "8.44"]
[White "Adnoy, Hallvard V."]
[Black "Tallaksen, Levi Andre"]
[Result "0-1"]
[ECO "B14"]
[WhiteElo "2303"]
[BlackElo "2312"]
[Annotator "RC"]
[PlyCount "78"]
[EventDate "2023.10.27"]
[EventType "team-tourn"]
[EventCountry "NOR"]
[SourceTitle "playchess.com"]
[Source "ChessBase"]
[SourceQuality "1"]
[TimeControl "40/5400+30:1800+30"]

1. Nf3 Nf6 2. e3 c5 3. d4 e6 4. c4 cxd4 5. exd4 d5 6. Nc3 Nc6 7. c5 Be7 8. Bb5 O-O 9. O-O Qc7 10. Re1 Bd7 11. Bg5 b6 12. Na4 bxc5 13. Bxf6 Bxf6 14. Nxc5 Be8 15. Rc1 Qb6 16. Bxc6 Bxc6 17. Qd2 Rfc8 18. Rc3 Be8 19. Ne5 Qa5 20. a3 Rc7 21. Ng4 Be7 22. Qf4 Rac8 23. b4 Qb6 24. Rg3 Kh8 25. Rh3 a5 26. Ree3 f5 27. Ne5 axb4 28. Rb3 Ra7 29. g4 Bxc5 30. gxf5 Be7 31. Ng6+ Kg8 32. Rxh7 Bxg6 33. fxg6 Bf6 34. Rbh3 Kf8 35. Rh8+ Ke7 36. Rxc8 bxa3 37. Rhh8 a2 38. Rcf8 Qb1+ 39. Kg2 Qxg6+ 0-1

[Event "Norway Eliteserien 2023-24"]
[Site "Oslo"]
[Date "2024.03.09"]
[Round "8.45"]
[White "Fossan, Aleksander"]
[Black "Mihajlov, Sebastian"]
[Result "1/2-1/2"]
[ECO "B14"]
[WhiteElo "2133"]
[BlackElo "2373"]
[Annotator "TA"]
[PlyCount "99"]
[EventDate "2023.10.27"]
[EventType "team-tourn"]
[EventCountry "NOR"]
[SourceTitle "playchess.com"]
[Source "ChessBase"]
[SourceQuality "1"]
[TimeControl "40/5400+30:1800+30"]

1. e4 c6 2. d4 d5 3. exd5 cxd5 4. c4 Nf6 5. Nc3 g6 6. cxd5 Bg7 7. Qb3 O-O 8. Nf3 Nbd7 9. a4 Nb6 10. a5 Nbxd5 11. Bc4 {White has an edge.} Nxc3 12. bxc3 Ne4 13. O-O Qc7 14. Re1 Nd6 15. Bd3 Bg4 16. Ne5 Be6 $132 {[%mdl 2048] Black is fighting back} 17. Qb4 Rfc8 18. Bd2 Rab8 19. Rac1 b6 20. a6 b5 21. Bf4 Rb6 22. Qa5 Qd8 23. h4 Bd5 24. h5 e6 $17 25. hxg6 hxg6 26. Qb4 Nc4 27. Ra1 (27. Bxc4 $15 Bxe5 28. Rxe5 Rxc4 29. Qb2) 27... Nxe5 28. Bxe5 Qg5 29. Bf1 Bf8 $1 {Wards off Bd6} 30. Qa5 (30. Qb2 $17) 30... b4 $19 31. Re3 {[#]} b3 32. Rb1 b2 33. Bg3 Qf5 34. Bd3 {[#]} Be4 35. Qxf5 Bxf5 36. Bxf5 gxf5 (36... exf5 $17 37. Kf1 g5 (37... Rxa6 38. Rxb2 Bh6 39. Rf3 $14)) 37. Be5 $15 {Dodges Ba3} Be7 38. Rg3+ Kf8 39. Rh3 Ke8 (39... Rxa6 40. Rh8#) 40. Rh8+ (40. d5 $15) 40... Kd7 $17 41. Rxc8 Kxc8 {[%mdl 4096] Endgame. KRB-KRB} 42. c4 $2 (42. Kf1 $17) 42... f6 $19 ({Inferior is} 42... Rxa6 43. Rxb2 Bd6 44. Bxd6 Rxd6 45. Rd2 $11) 43. Bf4 Ba3 $1 {[%cal Ob6c6] aiming for ...Rc6!} ({Worse is} 43... Rxa6 44. Rxb2 Bd6 45. Bxd6 Rxd6 46. Ra2 $11) 44. Kf1 Rb4 $2 ({Less strong is} 44... Rxa6 45. Ke2 $17) (44... Rc6 $19 45. c5 Rxa6) 45. Bd6 $11 {The position is equal.} Ra4 46. Bxa3 Rxa3 47. Rxb2 Rxa6 48. Ke2 Ra3 49. Rd2 Rc3 50. Ra2 {[%emt 2:04:14] Weighted Error Value: White=0.32/Black=0.27 (precise) .  Loses game:     	White=2     	---        Missed win:     	---       	Black=1      Mistake:       	White=3     	Black=2      Inaccurate:     	White=4     	Black=3      OK:         	White=16    	Black=16     Best:        	White=4     	Black=6      Strong:       	---       	Black=2} 1/2-1/2

[Event "Norway Eliteserien 2023-24"]
[Site "Oslo"]
[Date "2024.03.09"]
[Round "8.46"]
[White "Olsen, Michael R. W."]
[Black "Fiskaaen, Martin Holten"]
[Result "1-0"]
[ECO "E11"]
[WhiteElo "2041"]
[BlackElo "2154"]
[Annotator "RC"]
[PlyCount "79"]
[EventDate "2023.10.27"]
[EventType "team-tourn"]
[EventCountry "NOR"]
[SourceTitle "playchess.com"]
[Source "ChessBase"]
[SourceQuality "1"]
[TimeControl "40/5400+30:1800+30"]

1. d4 Nf6 2. c4 e6 3. Nf3 d5 4. g3 Bb4+ 5. Bd2 Be7 6. Bg2 O-O 7. O-O c6 8. a4 a5 9. Qc2 Nbd7 10. Rc1 Ne4 11. Ne1 Nxd2 12. Nxd2 Bb4 13. e3 b6 14. Nd3 Ba6 15. Nxb4 axb4 16. Qb3 Qe7 17. Rc2 Rfc8 18. Bf1 dxc4 19. Bxc4 Bb7 20. Rac1 g6 21. Bd3 c5 22. Be4 Rcb8 23. Bxb7 Rxb7 24. Ne4 Rba7 25. dxc5 Nxc5 26. Nxc5 bxc5 27. Rxc5 Rxa4 28. R1c4 Qb7 29. e4 Ra1+ 30. Kg2 R1a4 31. Rc7 Qb5 32. Qf3 Rf8 33. Qf6 Raa8 34. h4 Rab8 35. R7c5 Qd7 36. h5 Qd8 37. Qe5 gxh5 38. Rd4 Qe8 39. Qg5+ Kh8 40. Qf6+ 1-0

[Event "Norway Eliteserien 2023-24"]
[Site "Oslo"]
[Date "2024.03.09"]
[Round "8.51"]
[White "Predojevic, Borki"]
[Black "Sadhwani, Raunak"]
[Result "1/2-1/2"]
[ECO "C47"]
[WhiteElo "2572"]
[BlackElo "2649"]
[Annotator "TA"]
[PlyCount "20"]
[EventDate "2023.10.27"]
[EventType "team-tourn"]
[EventCountry "NOR"]
[SourceTitle "playchess.com"]
[Source "ChessBase"]
[SourceQuality "1"]
[TimeControl "40/5400+30:1800+30"]

1. e4 e5 2. Nf3 Nc6 3. Nc3 Nf6 4. h3 Bb4 5. Nd5 Nxd5 {The position is equal.} 6. exd5 e4 7. dxc6 exf3 8. Qxf3 dxc6 9. Bc4 {[%csl Gc4][%cal Rf3f7] [#]} Qe7+ 10. Qe2 Qxe2+ {[%emt 0:11:11] A rather calm draw.   Weighted Error Value: White=0.02 (flawless) /Black=0.00 (flawless) .  OK:         	White=1     	Black=3      Best:        	---       	Black=1} 1/2-1/2

[Event "Norway Eliteserien 2023-24"]
[Site "Oslo"]
[Date "2024.03.09"]
[Round "8.52"]
[White "Tari, Aryan"]
[Black "Romanov, Evgeny"]
[Result "1/2-1/2"]
[ECO "A36"]
[WhiteElo "2635"]
[BlackElo "2593"]
[Annotator "RC"]
[PlyCount "49"]
[EventDate "2023.10.27"]
[EventType "team-tourn"]
[EventCountry "NOR"]
[SourceTitle "playchess.com"]
[Source "ChessBase"]
[SourceQuality "1"]
[TimeControl "40/5400+30:1800+30"]

1. c4 c5 2. g3 g6 3. Bg2 Bg7 4. Nc3 Nc6 5. e3 e6 6. Nge2 Nge7 7. O-O O-O 8. d4 cxd4 9. Nxd4 Nxd4 10. exd4 d5 11. cxd5 Nxd5 12. Nxd5 exd5 13. Be3 Be6 14. Qb3 Qb6 15. Rfc1 Bxd4 16. Bxd4 Qxd4 17. Rd1 Qc4 18. Bxd5 Qxb3 19. axb3 Rad8 20. Bxb7 Rxd1+ 21. Rxd1 Rb8 22. Bd5 Bxd5 23. Rxd5 Rxb3 24. Rd7 Rxb2 25. Rxa7 1/2-1/2

[Event "Norway Eliteserien 2023-24"]
[Site "Oslo"]
[Date "2024.03.09"]
[Round "8.53"]
[White "Kulaots, Kaido"]
[Black "Christiansen, Johan-Sebastian"]
[Result "0-1"]
[ECO "C18"]
[WhiteElo "2525"]
[BlackElo "2633"]
[Annotator "RC"]
[PlyCount "58"]
[EventDate "2023.10.27"]
[EventType "team-tourn"]
[EventCountry "NOR"]
[SourceTitle "playchess.com"]
[Source "ChessBase"]
[SourceQuality "1"]
[TimeControl "40/5400+30:1800+30"]

1. e4 e6 2. d4 d5 3. Nc3 Bb4 4. e5 c5 5. a3 Bxc3+ 6. bxc3 Qc7 7. Qg4 f6 8. exf6 Nxf6 9. Qg3 Qf7 10. Nf3 O-O 11. Ne5 Qc7 12. Ng4 Qa5 13. Nxf6+ Rxf6 14. Bd2 Nc6 15. dxc5 Qxc5 16. Bd3 e5 17. O-O Bf5 18. Rab1 b6 19. Rb5 Qd6 20. Bg5 Rf7 21. Rd1 Be6 22. Bc4 Qxa3 23. Bxd5 Bxd5 24. Rbxd5 Raf8 25. Qh3 Qa4 26. Qe6 Qxc2 27. Be3 Nd4 28. Qg4 Rxf2 29. Rd7 Rxg2+ 0-1

[Event "Norway Eliteserien 2023-24"]
[Site "Oslo"]
[Date "2024.03.09"]
[Round "8.54"]
[White "Urkedal, Frode Olav Olsen"]
[Black "Hobber, Anders"]
[Result "1-0"]
[ECO "B12"]
[WhiteElo "2525"]
[BlackElo "2359"]
[Annotator "RC"]
[PlyCount "56"]
[EventDate "2023.10.27"]
[EventType "team-tourn"]
[EventCountry "NOR"]
[SourceTitle "playchess.com"]
[Source "ChessBase"]
[SourceQuality "1"]
[TimeControl "40/5400+30:1800+30"]

1. e4 c6 2. d4 d5 3. e5 Bf5 4. h4 h5 5. c4 e6 6. Nc3 Ne7 7. Nge2 dxc4 8. Ng3 Bg6 9. Bxc4 Nd7 10. Bg5 Qb6 11. O-O Nf5 12. Nxf5 Bxf5 13. Rc1 Be7 14. Bxe7 Kxe7 15. Qd2 Kf8 16. Rfe1 Qd8 17. Ne4 Bxe4 18. Rxe4 Nb6 19. Bb3 g6 20. Rc3 Kg7 21. Rf3 Nd5 22. Bxd5 Qxd5 23. Qf4 Rhf8 24. g4 hxg4 25. Qf6+ Kh7 26. Rxg4 Qd8 27. Qf4 Qe7 28. h5 gxh5 1-0

[Event "Norway Eliteserien 2023-24"]
[Site "Oslo"]
[Date "2024.03.09"]
[Round "8.55"]
[White "Vålerenga-?. Fossum"]
[Black "Kaasen, Tor Fredrik"]
[Result "1/2-1/2"]
[ECO "A12"]
[WhiteElo "2313"]
[BlackElo "2437"]
[Annotator "ChessBase"]
[PlyCount "88"]
[EventDate "2023.10.27"]
[EventType "team-tourn"]
[EventCountry "NOR"]
[SourceTitle "playchess.com"]
[Source "ChessBase"]
[SourceQuality "1"]
[TimeControl "40/5400+30:1800+30"]

1. Nf3 d5 2. b3 Bf5 3. Bb2 e6 4. g3 h6 5. Bg2 Nf6 6. c4 Be7 7. O-O O-O 8. d3 c6 9. Nbd2 Nbd7 10. Qc2 Bh7 11. a3 a5 12. Bc3 b5 13. cxb5 cxb5 14. b4 Qc7 15. Qb2 axb4 16. Bxb4 Bxb4 17. axb4 e5 18. Rfc1 Rxa1 19. Qxa1 Qd6 20. Qa5 e4 21. Ne1 Qe5 22. Qa1 Qh5 23. Qd4 Qxe2 24. dxe4 dxe4 25. Bh3 Nb8 26. Bf1 Qh5 27. Qc5 Qd5 28. Qxd5 Nxd5 29. Bxb5 Nxb4 30. Rc4 e3 31. fxe3 Nd3 32. Nef3 Rd8 33. Rd4 Rxd4 34. Nxd4 Nc5 35. N4b3 Nbd7 36. Nxc5 Nxc5 37. Kf2 Bd3 38. Bc6 Bg6 39. Bd5 Nd3+ 40. Kf3 Kf8 41. Ke2 Ne5 42. h3 h5 43. Nf3 Nxf3 44. Kxf3 Ke7 1/2-1/2

[Event "Norway Eliteserien 2023-24"]
[Site "Oslo"]
[Date "2024.03.09"]
[Round "8.56"]
[White "Haldorsen, Benjamin"]
[Black "Stenersen, Gudmund"]
[Result "1-0"]
[ECO "C50"]
[WhiteElo "2427"]
[BlackElo "2144"]
[Annotator "RC"]
[PlyCount "101"]
[EventDate "2023.10.27"]
[EventType "team-tourn"]
[EventCountry "NOR"]
[SourceTitle "playchess.com"]
[Source "ChessBase"]
[SourceQuality "1"]
[TimeControl "40/5400+30:1800+30"]

1. e4 e5 2. Nf3 Nc6 3. Bc4 Bc5 4. O-O d6 5. c3 Bb6 6. Re1 Qf6 7. d3 h6 8. a4 Nge7 9. b4 a6 10. Be3 Bxe3 11. fxe3 O-O 12. Nbd2 Be6 13. Bxe6 Qxe6 14. d4 Nb8 15. Qb3 Qxb3 16. Nxb3 exd4 17. exd4 Nd7 18. Na5 b6 19. Nb3 f5 20. e5 Nd5 21. exd6 cxd6 22. c4 Nxb4 23. Re6 d5 24. cxd5 Nxd5 25. Rd6 N7f6 26. a5 Rfb8 27. Ne5 bxa5 28. Nxa5 Ne3 29. Nac4 Ne4 30. Rd7 Nxc4 31. Nxc4 a5 32. Rd5 a4 33. Rxf5 a3 34. Rxa3 Rxa3 35. Nxa3 Rb3 36. Rf3 Rxf3 37. gxf3 Nc3 38. Kf2 Kf7 39. Ke3 Ke6 40. Nc4 g5 41. Kd3 Nd5 42. Ne3 Nf6 43. Ng4 Ng8 44. Ke4 h5 45. d5+ Kd6 46. Ne3 g4 47. fxg4 Nf6+ 48. Kf5 Nxg4 49. Nxg4 hxg4 50. Kxg4 Kxd5 51. Kf5 1-0

[Event "Norway Eliteserien 2023-24"]
[Site "Oslo"]
[Date "2024.03.10"]
[Round "9.11"]
[White "Sadhwani, Raunak"]
[Black "Amar, Elham"]
[Result "1-0"]
[ECO "B36"]
[WhiteElo "2649"]
[BlackElo "2567"]
[Annotator "RC"]
[PlyCount "111"]
[EventDate "2023.10.27"]
[EventType "team-tourn"]
[EventCountry "NOR"]
[SourceTitle "playchess.com"]
[Source "ChessBase"]
[SourceQuality "1"]
[TimeControl "40/5400+30:1800+30"]

1. e4 c5 2. Nf3 g6 3. d4 cxd4 4. Nxd4 Nc6 5. c4 Nf6 6. Nc3 Nxd4 7. Qxd4 d6 8. Be2 Bg7 9. Be3 O-O 10. Qd3 a5 11. O-O a4 12. Bd4 Qa5 13. Rac1 Bd7 14. Qe3 Bc6 15. Nd5 Bxd5 16. exd5 Rfe8 17. Rfd1 Nd7 18. Bxg7 Kxg7 19. Rc3 Qc5 20. Qd2 Nf6 21. Rh3 e6 22. Qf4 exd5 23. Rf3 Nh5 24. Qxf7+ Kh8 25. Bf1 dxc4 26. Rd5 Re7 27. Qxe7 Qxd5 28. Rf8+ Rxf8 29. Qxf8+ Qg8 30. Qxd6 c3 31. Qe5+ Qg7 32. Qb8+ Qg8 33. Qxg8+ Kxg8 34. bxc3 a3 35. f3 Kf7 36. Kf2 Ke6 37. Ke3 Kd5 38. Kd2 Ng7 39. Bd3 b6 40. Bc2 Kc5 41. Bb3 g5 42. Kd3 Nf5 43. Ke4 Nd6+ 44. Kd3 Nf5 45. g3 Nd6 46. Be6 h6 47. Kc2 h5 48. Kb3 h4 49. Kxa3 Nc4+ 50. Bxc4 Kxc4 51. gxh4 gxh4 52. Kb2 Kd3 53. a4 h3 54. f4 Ke4 55. c4 Kxf4 56. c5 1-0

[Event "Norway Eliteserien 2023-24"]
[Site "Oslo"]
[Date "2024.03.10"]
[Round "9.12"]
[White "Agdestein, Simen"]
[Black "Tari, Aryan"]
[Result "1/2-1/2"]
[ECO "D38"]
[WhiteElo "2559"]
[BlackElo "2635"]
[Annotator "TA"]
[PlyCount "88"]
[EventDate "2023.10.27"]
[EventType "team-tourn"]
[EventCountry "NOR"]
[SourceTitle "playchess.com"]
[Source "ChessBase"]
[SourceQuality "1"]
[TimeControl "40/5400+30:1800+30"]

1. d4 d5 2. c4 e6 3. Nf3 Nf6 4. Nc3 Nbd7 5. cxd5 exd5 6. Bg5 Bb4 7. e3 h6 8. Bh4 g5 9. Bg3 Ne4 {White has an edge.} 10. Qc2 h5 {...h4 would now be deadly.} 11. Bd3 h4 12. Bxe4 dxe4 13. Qxe4+ Kf8 $1 14. Be5 f6 15. Nxg5 (15. d5 $2 Qe7 16. Rc1 (16. d6 $2 Bxc3+ 17. bxc3 cxd6 $19) 16... Nxe5 $19) 15... Bxc3+ (15... fxe5 $2 {too greedy.} 16. Ne6+ Ke7 17. Nxd8 $18) 16. bxc3 Nxe5 (16... fxe5 $2 {loses.} 17. Ne6+ Ke7 18. Nxd8 $18) 17. dxe5 $40 {[%mdl 128] White mounts an attack.} fxg5 18. f4 Kg7 19. O-O h3 20. f5 Rh4 $1 21. Qf3 Qd2 (21... Qe8 $1 $11 22. Qg3 Kh7 (22... Qh5 23. e6 $16)) 22. gxh3 $16 Qxc3 23. Qg3 Kh6 {[%cal Oc8f5] [#] White must now prevent ...Bxf5!} 24. Rac1 Qa3 25. Rxc7 Re4 26. h4 {[%csl Gh4][%cal Rg3g5] Some like it hot. White is more active.} Qxe3+ (26... g4 $16) 27. Qxe3 $18 Rxe3 28. hxg5+ Kxg5 29. Rg7+ Kh6 {[#]} 30. Rg6+ ({White has to play} 30. Rg8 $1 $18) 30... Kh7 $11 {[%cal Oc8f5] Hoping for ...Bxf5! The position is equal.} 31. e6 Bxe6 $1 32. Rxe6 {[%mdl 4096] Endgame. KRR-KRR} Rg8+ 33. Kh1 Re8 34. Rxe8 Rxe8 {KR-KR} 35. Kg2 Kg7 36. Kg3 Kf6 37. h4 b5 38. Kf4 Rh8 39. Rh1 Rh5 40. Kg4 Rxf5 41. h5 Rc5 42. h6 {And now h7 would win.} Rc8 43. Kh5 {aiming for Rf1+.} Rc5+ 44. Kg4 {[%emt 1:55:52] h7 is the strong threat.} Rc8 {[%emt 1:51:35] White really could win this.   Weighted Error Value: White=0.12 (very precise) /Black=0.08 (flawless) .  Loses game:     	---       	Black=1      Missed win:     	White=1     	---        Mistake:       	---       	Black=1      Inaccurate:     	White=2     	---        OK:         	White=8     	Black=21     Best:        	White=6     	Black=4      Strong:       	---       	Black=3} 1/2-1/2

[Event "Norway Eliteserien 2023-24"]
[Site "Oslo"]
[Date "2024.03.10"]
[Round "9.13"]
[White "Christiansen, Johan-Sebastian"]
[Black "Hauge, Lars Oskar"]
[Result "1-0"]
[ECO "C42"]
[WhiteElo "2633"]
[BlackElo "2486"]
[Annotator "RC"]
[PlyCount "75"]
[EventDate "2023.10.27"]
[EventType "team-tourn"]
[EventCountry "NOR"]
[SourceTitle "playchess.com"]
[Source "ChessBase"]
[SourceQuality "1"]
[TimeControl "40/5400+30:1800+30"]

1. e4 e5 2. Nf3 Nf6 3. Nxe5 d6 4. Nf3 Nxe4 5. d4 d5 6. Bd3 Be7 7. O-O O-O 8. c4 Nf6 9. h3 Nc6 10. Nc3 Nb4 11. Be2 dxc4 12. Bxc4 c6 13. Bg5 Nbd5 14. Re1 Be6 15. Bb3 Re8 16. Rc1 h6 17. Bh4 Nxc3 18. bxc3 Bxb3 19. Qxb3 Qb6 20. Qc2 Qc7 21. Re5 Ba3 22. Rb1 Rxe5 23. Nxe5 g5 24. Bg3 Nh5 25. Ng4 Nxg3 26. fxg3 Kg7 27. Rf1 Rh8 28. Ne3 Bf8 29. Qe4 Kg8 30. Nf5 Qd7 31. Re1 Rh7 32. c4 b5 33. cxb5 cxb5 34. d5 b4 35. d6 f6 36. Qd5+ Kh8 37. Qa8 Rf7 38. Re7 1-0

[Event "Norway Eliteserien 2023-24"]
[Site "Oslo"]
[Date "2024.03.10"]
[Round "9.14"]
[White "Mitusov, Semen"]
[Black "Urkedal, Frode Olav Olsen"]
[Result "0-1"]
[ECO "C88"]
[WhiteElo "2487"]
[BlackElo "2525"]
[Annotator "RC"]
[PlyCount "94"]
[EventDate "2023.10.27"]
[EventType "team-tourn"]
[EventCountry "NOR"]
[SourceTitle "playchess.com"]
[Source "ChessBase"]
[SourceQuality "1"]
[TimeControl "40/5400+30:1800+30"]

1. e4 e5 2. Nf3 Nc6 3. Bb5 a6 4. Ba4 Nf6 5. O-O Be7 6. Re1 b5 7. Bb3 O-O 8. a4 Bb7 9. d3 d6 10. c3 Na5 11. Ba2 c5 12. Nbd2 c4 13. dxc4 bxc4 14. Nxc4 Nxc4 15. Bxc4 Nxe4 16. Bd5 Bxd5 17. Qxd5 Nf6 18. Qc6 Qc8 19. Qxc8 Rfxc8 20. Bg5 Rab8 21. Re2 Kf8 22. Kf1 Nd7 23. Ke1 Nc5 24. Kd1 Bxg5 25. Nxg5 f6 26. Nf3 d5 27. Ra3 Nd3 28. b4 Nf4 29. Rd2 d4 30. cxd4 Rxb4 31. Ra1 exd4 32. g3 Ne6 33. a5 Rc5 34. Ne1 Rbb5 35. Nf3 Rd5 36. Ke2 g5 37. Ra4 d3+ 38. Ke3 Nc5 39. Rc4 Rxa5 40. Nd4 Ra1 41. f3 Kf7 42. g4 a5 43. Rb2 a4 44. Kd2 a3 45. Rb5 a2 46. Rbxc5 Rxc5 47. Rxc5 Rd1+ 0-1

[Event "Norway Eliteserien 2023-24"]
[Site "Oslo"]
[Date "2024.03.10"]
[Round "9.15"]
[White "Kaasen, Tor Fredrik"]
[Black "Ingebretsen, Jens E"]
[Result "1-0"]
[ECO "D11"]
[WhiteElo "2437"]
[BlackElo "2400"]
[Annotator "RC"]
[PlyCount "61"]
[EventDate "2023.10.27"]
[EventType "team-tourn"]
[EventCountry "NOR"]
[SourceTitle "playchess.com"]
[Source "ChessBase"]
[SourceQuality "1"]
[TimeControl "40/5400+30:1800+30"]

1. d4 d5 2. c4 c6 3. Nf3 Nf6 4. Qc2 g6 5. g3 Bg7 6. Bg2 O-O 7. O-O a6 8. Bf4 Bf5 9. Qb3 Ra7 10. Rc1 b5 11. cxd5 cxd5 12. Nbd2 Ne4 13. a4 Rb7 14. e3 Qd7 15. axb5 Rxb5 16. Qa3 Rc8 17. Bf1 Rb6 18. Nxe4 Bxe4 19. Nd2 Bc2 20. Nc4 Rb3 21. Qa2 dxc4 22. Rxc2 e6 23. Rac1 Rb6 24. Rxc4 Rxc4 25. Rxc4 Nc6 26. Bg2 Nb4 27. Qa4 Qxa4 28. Rc8+ Bf8 29. Bh6 Qd1+ 30. Bf1 f5 31. Rxf8# 1-0

[Event "Norway Eliteserien 2023-24"]
[Site "Oslo"]
[Date "2024.03.10"]
[Round "9.16"]
[White "Getz, Nicolai"]
[Black "Haldorsen, Benjamin"]
[Result "0-1"]
[ECO "B21"]
[WhiteElo "2352"]
[BlackElo "2427"]
[Annotator "ChessBase"]
[PlyCount "70"]
[EventDate "2023.10.27"]
[EventType "team-tourn"]
[EventCountry "NOR"]
[SourceTitle "playchess.com"]
[Source "ChessBase"]
[SourceQuality "1"]
[TimeControl "40/5400+30:1800+30"]

1. e4 c5 2. d3 Nc6 3. f4 d5 4. Be2 g6 5. Nf3 Nf6 6. e5 Nh5 7. Na3 Bh6 8. g3 f6 9. Nh4 Ng7 10. exf6 exf6 11. O-O O-O 12. c3 Bh3 13. Ng2 Qd7 14. Bf3 Rae8 15. Bd2 Kh8 16. Qb3 Rd8 17. Rf2 g5 18. Re1 Ne6 19. f5 Nc7 20. Ne3 Ne5 21. Be2 b5 22. d4 Nc4 23. Bc1 Rfe8 24. Bh5 Re4 25. Naxc4 bxc4 26. Qb7 cxd4 27. cxd4 g4 28. Bd2 Bg5 29. Nc2 Bxd2 30. Rxe4 dxe4 31. Rxd2 Qxf5 32. Rf2 Qg5 33. Qxe4 Qxh5 34. Qe7 Qe8 35. Qxc7 Rxd4 0-1

[Event "Norway Eliteserien 2023-24"]
[Site "Oslo"]
[Date "2024.03.10"]
[Round "9.21"]
[White "Petkov, Momchil"]
[Black "Predojevic, Borki"]
[Result "1/2-1/2"]
[ECO "B07"]
[WhiteElo "2504"]
[BlackElo "2572"]
[Annotator "RC"]
[PlyCount "45"]
[EventDate "2023.10.27"]
[EventType "team-tourn"]
[EventCountry "NOR"]
[SourceTitle "playchess.com"]
[Source "ChessBase"]
[SourceQuality "1"]
[TimeControl "40/5400+30:1800+30"]

1. d4 d6 2. e4 Nf6 3. Nc3 e5 4. Nf3 Nbd7 5. a4 c6 6. a5 exd4 7. Nxd4 g6 8. Be2 Bg7 9. O-O O-O 10. Bf4 Qe7 11. Nb3 Ne5 12. Bg3 Be6 13. f4 Nc4 14. f5 Ne3 15. Qd3 Bxb3 16. cxb3 Nxf1 17. Bxd6 Qd7 18. Bxf8 Qxd3 19. Bxd3 Kxf8 20. Kxf1 Ng4 21. fxg6 hxg6 22. h3 Ne5 23. Ke2 1/2-1/2

[Event "Norway Eliteserien 2023-24"]
[Site "Oslo"]
[Date "2024.03.10"]
[Round "9.22"]
[White "Romanov, Evgeny"]
[Black "Delchev, Aleksander"]
[Result "1-0"]
[ECO "A48"]
[WhiteElo "2593"]
[BlackElo "2492"]
[Annotator "ChessBase"]
[PlyCount "79"]
[EventDate "2023.10.27"]
[EventType "team-tourn"]
[EventCountry "NOR"]
[SourceTitle "playchess.com"]
[Source "ChessBase"]
[SourceQuality "1"]
[TimeControl "40/5400+30:1800+30"]

1. d4 Nf6 2. Nf3 g6 3. Nbd2 c5 4. dxc5 Qa5 5. a3 Qxc5 6. b4 Qc7 7. c4 Bg7 8. Bb2 O-O 9. Rc1 d6 10. g3 a5 11. Bg2 axb4 12. axb4 Na6 13. Bc3 Ng4 14. Bxg7 Kxg7 15. Rb1 Bf5 16. e4 Bd7 17. Qe2 e5 18. O-O Nf6 19. Rfc1 Rac8 20. Ne1 Qb8 21. Nd3 Nc7 22. h3 Ne6 23. Qe3 Nd4 24. f4 Ba4 25. Rb2 Nd7 26. Nf3 Nxf3+ 27. Bxf3 b5 28. c5 Qa7 29. fxe5 Nxe5 30. Nxe5 dxe5 31. Rd2 Rcd8 32. Rd5 f6 33. Kg2 Rfe8 34. Rc3 Qe7 35. Rcd3 Rxd5 36. Rxd5 Qe6 37. Qd3 f5 38. h4 Re7 39. Qc3 fxe4 40. Bxe4 1-0